 Dungeon Crawl Stone Soup version 0.28-a0-1638-g9123634e07 (webtiles) character file.

Game seed: 14522351471346946799

168 Shayle the Chopper (level 5, -2/50 HPs)
             Began as an Ogre Warper on Jan 26, 2022.
             Slain by a water moccasin (8 damage)
             ... on level 5 of the Dungeon.
             The game lasted 00:07:29 (3858 turns).

Shayle the Chopper (Ogre Warper)                    Turns: 3858, Time: 00:07:30

Health: -2/50      AC:  4    Str: 15    XL:     5   Next: 48%
Magic:  8/8        EV:  9    Int: 16    God:
Gold:   111        SH:  5    Dex:  8    Spells: 8/8 levels left

rFire   . . .      SeeInvis .   a - +0 hand axe
rCold   . . .      Faith    .   (no shield)
rNeg    . . .      Spirit   .   b - +0 robe
rPois   .          Reflect  +   (helmet restricted)
rElec   .          Harm     .   f - +0 cloak
rCorr   .          Rampage  .   (gloves unavailable)
Will    .....                   (boots unavailable)
Stlth   +.........              i - amulet of reflection
HPRegen 0.16/turn               (no ring)
MPRegen 0.11/turn               (no ring)

@: lethally poisoned (-2 -> -15), flying
A: large, unfitting armour, tough skin 1
a: no special abilities


You were on level 5 of the Dungeon.
You visited 1 branch of the dungeon, and saw 5 of its levels.

You collected 111 gold pieces.

Inventory:

Hand Weapons
 a - a +0 hand axe (weapon)
Missiles
 m - 3 boomerangs (quivered)
Armour
 b - a +0 robe (worn)
 f - a +0 cloak (worn)
Jewellery
 i - an amulet of reflection (around neck)
 n - a ring of fire
 o - an amulet of guardian spirit
Scrolls
 c - a scroll of blinking
 e - 2 scrolls of magic mapping {unknown}
 j - a scroll of fog {unknown}
 l - a scroll of identify {unknown}
Potions
 g - 2 potions of curing
 h - 2 potions of flight
 k - a potion of brilliance {unknown}
 p - a potion of invisibility {unknown}
 q - 2 potions of heal wounds {unknown}


   Skills:
 - Level 2.6 Fighting
 + Level 5.5 Axes
 - Level 1.0 Throwing
 - Level 2.1 Dodging
 - Level 2.4 Spellcasting
 - Level 2.6 Translocations


You had 8 spell levels left.
You didn't know any spells.
Your spell library contained the following spells:

 Spells                   Type           Power      Damage    Failure   Level
 Blink                    Tloc           20%        N/A       10%         2
 Gell's Gravitas          Tloc           10%        N/A       21%         3
 Lesser Beckoning         Tloc           10%        N/A       21%         3
 Teleport Other           Tloc           10%        N/A       21%         3
 Manifold Assault         Tloc           10%        N/A       88%         5


Dungeon Overview and Level Annotations

Branches:
Dungeon (5/15)
 Temple: D:4-7

Altars:
Vehumet

Shops:
D:1 [

Annotations:
D:2 Sigmund


Innate Abilities, Weirdness & Mutations

You are too large for most types of armour.
You have tough skin. (AC +1)


Message History

You throw a boomerang of dispersal.
The boomerang of dispersal hits the water moccasin but does no damage.
The water moccasin is lightly wounded.
You block the water moccasin's attack. The water moccasin closely misses you.
Throw: 2 boomerangs (disperse)
Press: ? - help, Q - select action, (/) - cycle Shift-Dir - straight line, f/p - water moccasin
Aim: a water moccasin (lightly wounded, 32% to hit)
You throw a boomerang of dispersal.
The boomerang of dispersal hits the water moccasin.
The water moccasin blinks!
The water moccasin is moderately wounded.
Okay, then.
Throw: boomerang (disperse)
Press: ? - help, Q - select action, (/) - cycle Shift-Dir - straight line, f/p - water moccasin
Aim: a water moccasin (moderately wounded, 32% to hit)
You throw a boomerang of dispersal.
The boomerang of dispersal hits the water moccasin.
The water moccasin blinks!
The water moccasin is heavily wounded.
You start resting.
A water moccasin is nearby!
You closely miss the water moccasin.
The water moccasin is heavily wounded.
The water moccasin bites you.
You closely miss the water moccasin.
The water moccasin is heavily wounded.
The water moccasin bites you but does no damage.
You block the water moccasin's attack.
You miss the water moccasin.
The water moccasin is heavily wounded.
The water moccasin bites you.
* * * LOW HITPOINT WARNING * * *
You are lethally poisoned!
The water moccasin poisons you!
You closely miss the water moccasin.
The water moccasin is heavily wounded.
* * * LOW HITPOINT WARNING * * *
You feel very sick. The water moccasin barely misses you.
The water moccasin bites you!
You die...

#... .... .
#... ..
#..#### ≈..
### #....#
≈≈..
#..##.._.#
.≈≈..
#.....)#......
#...@S..?....
##..###.......
#............#
#..#########.#
#### #..# #
#..# #..# #..#
#..# #..# #>.#
#..# #..#


You could see a water moccasin.

Vanquished Creatures
  A hound (D:4)
  5 adders
  An adder skeleton (D:3)
  A worm (D:3)
  2 dart slugs
  8 orcs
  6 ball pythons
  13 bats
  6 endoplasms
  5 giant cockroaches
  4 goblins
  4 hobgoblins
  6 kobolds
  2 quokkas
  4 frilled lizards (D:1)
  4 rats
72 creatures vanquished.

Vanquished Creatures (others)
  43 plants (D:3)
43 creatures vanquished.

Grand Total: 115 creatures vanquished

Notes
Turn   | Place    | Note
-------+----------+-------------------------------------------
     0 | D:1      | Shayle the Ogre Warper began the quest for the Orb.
     0 | D:1      | Reached XP level 1. HP: 22/22 MP: 3/3
   143 | D:1      | Reached XP level 2. HP: 25/29 MP: 5/5
   330 | D:1      | Reached skill level 3 in Axes
   585 | D:1      | Found Qoeraro's Antique Armour Shoppe.
   627 | D:1      | Found a faded altar of an unknown god.
   627 | D:1      | Noticed a chaos spawn
  1115 | D:1      | Reached XP level 3. HP: 36/36 MP: 6/6
  1709 | D:2      | Reached skill level 4 in Axes
  1970 | D:2      | Reached XP level 4. HP: 43/44 MP: 7/7
  2021 | D:2      | Noticed Sigmund
  3028 | D:3      | Reached skill level 5 in Axes
  3028 | D:3      | Reached XP level 5. HP: 26/50 MP: 8/8
  3745 | D:4      | Noticed a black bear
  3776 | D:5      | Entered Level 5 of the Dungeon
  3831 | D:5      | Found a radiant altar of Vehumet.
  3839 | D:5      | Noticed a water moccasin
  3858 | D:5      | Slain by a water moccasin

Illustrated notes

Levels and vault maps discovered:
D:1:      erik_arrival_cave_to_civilisation [erik_arrival_cave_to_hall],
          layout_loops_ring, serial_shops, nicolae_shop_overgrown_old_shop,
          dreamdust_ecumenical_altar_sealed_demon, dk_noncrumbling_3,
          hangedman_decor_growths, minmay_misc_feat_four_crosses
D:2:      layout_basic, uniq_sigmund
D:3:      layout_basic, serial_bayou, serial_bayou_pond_a,
          serial_bayou_lagoon_a, serial_bayou_pond_b, serial_bayou_pond_a
D:4:      layout_gridville, chequers_temple_overflow_minitemple
D:5:      layout_loops_ring, grunt_dithmenos_smoke,
          mainiacjoe_overflow_chevrons, gammafunk_ghost_smash, uniq_menkaure

Skill      XL: |  1  2  3  4 |
---------------+-------------+-----
Axes           | 3 4 5 |  5.5
Fighting       | |  2.6
Throwing       | |  1.0
Dodging        | |  2.1
Spellcasting   | |  2.4
Translocations | |  2.6

Action                   |  1- 3 |  4- 6 || total
-------------------------+-------+-------++-------
Melee: Hand axe          |   159 |   164 ||   323
       Punch             |     2 |     2 ||     4
Throw: Boomerang         |       |     5 ||     5
  Use: Potion            |       |     2 ||     2
Armor: Robe              |    96 |    75 ||   171
Dodge: Dodged            |    97 |    91 ||   188
Block: Other             |     9 |    50 ||    59

Table legend: (Time is in decaauts)
 A = Elapsed time spent in this place.
 B = Non-inter-level travel time spent in this place.
 C = Inter-level travel time spent in this place.
 D = Time resting spent in this place.
 E = Time spent auto-exploring this place.
 F = Levels seen in this place.
 G = Mean time per level.
                   A        B        C        D        E       F      G
               +--------+--------+--------+--------+--------+-----+--------+
         Total |   3901 |   3854 |     47 |    740 |   2203 |   5 |  780.2 |
       Dungeon |   3901 |   3854 |     47 |    740 |   2203 |   5 |  780.2 |
               +--------+--------+--------+--------+--------+-----+--------+

Top non-repeatable levels by time:
     D:1: 1348 daAuts
     D:3: 1301 daAuts
     D:2: 884 daAuts
     D:4: 283 daAuts
     D:5: 83 daAuts
